 Dungeon Crawl Stone Soup version 0.18.1-1-g2f07953 (webtiles) character file.

77 Steelers13 the Ducker (level 4, 0/37 HPs)
             Began as a Merfolk Berserker on June 4, 2016.
             Was a Believer of Trog.
             Succumbed to an adder's poison
             ... on level 2 of the Dungeon.
             The game lasted 00:12:27 (2397 turns).

Steelers13 the Ducker (Merfolk Berserker)           Turns: 2397, Time: 00:12:28

Health: 0/37       AC:  8    Str: 18    XL:     4   Next: 34%
Magic:  4/4        EV: 12    Int:  6    God:    Trog [**....]
Gold:   43         SH:  0    Dex: 11    Spells: 0 memorised, 3 levels left

rFire  . . .     SeeInvis .     a - +1 falchion
rCold  . . .     Gourm    .     e - +1 ring mail
rNeg   . . .     Faith    .     (no shield)
rPois  .         Spirit   .     k - +0 helmet
rElec  .         Dismiss  .     p - +0 cloak
rCorr  .         Reflect  .     (no gloves)
SustAt .         Harm     .     (no boots)
MR     .....                    (no amulet)
Stlth  +.........               (no ring)
                                m - ring of wizardry

@: lethally poisoned (0 -> -3), not resistant to hostile enchantments, very
unstealthy
A: change form in water, swift swim, clumsy 1, subdued magic 1, MP-powered wands
a: Berserk, Trog's Hand, Burn Spellbooks, Renounce Religion


You were on level 2 of the Dungeon.
You worshipped Trog.
Trog was pleased with you.
You were not hungry.

You visited 1 branch of the dungeon, and saw 2 of its levels.

You collected 43 gold pieces.

Inventory:

Hand Weapons
 a - a +1 falchion (weapon)
 h - a +0 short sword
Armour
 e - a +1 ring mail (worn)
 k - a +0 helmet (worn)
 p - a +0 cloak (worn)
Jewellery
 m - a ring of wizardry (left hand)
Potions
 d - a potion of degeneration
Comestibles
 c - a bread ration


   Skills:
 + Level 3.8 Fighting
 + Level 3.7 Long Blades
 + Level 2.1 Armour
 + Level 4.0 Dodging
 + Level 0.5 Stealth


You had 3 spell levels left.
You didn't know any spells.

Dungeon Overview and Level Annotations

Branches:
Dungeon (2/15)

Altars:
Cheibriados
Gozag


Innate Abilities, Weirdness & Mutations

You revert to your normal form in water.
You are very nimble and swift while swimming.
You are clumsy. (Dex -2)
Your spells are a little easier to cast, but a little less powerful.
You expend magic power (3 MP) to strengthen your wands.


Message History

* * * LOW HITPOINT WARNING * * *
You feel sick.
* * * LOW HITPOINT WARNING * * *
You feel sick.
* * * LOW HITPOINT WARNING * * *
You feel sick.
* * * LOW HITPOINT WARNING * * *
You feel sick.
* * * LOW HITPOINT WARNING * * *
You feel sick.
* * * LOW HITPOINT WARNING * * *
You feel sick.
A goblin comes into view. It is wielding a club.
* * * LOW HITPOINT WARNING * * *
You feel sick. The goblin barely misses you.
You hit the goblin.
You kill the goblin!
Trog accepts your kill.
You die...

####### #.#.# #.........
########...####.#####...
................#..8##..
..#####............_##..
##........#..8####
##..#....##### #
...#.#.#### ... #
#####.#.#.####... #
#...@.#.#.#.....# #
#.#####.#.#.###.#####
#.#..<.........)....#
#.#...#.#.#.##......#
#.#...#.#.#.##......#
#.#...#.#.#.##......#
#.#...#.#.#.......... #
#.#...#.#.######....#
#.#.....#.#.. ........#


There were no monsters in sight!

Vanquished Creatures
  A gnoll (D:1)
  2 adders (D:2)
  A dart slug (D:1)
  A giant gecko (D:1)
  A ball python (D:1)
  10 bats
  2 giant cockroaches (D:1)
  5 goblins
  5 hobgoblins
  6 jackals (D:2)
  A giant newt (D:1)
  3 kobolds (D:1)
  4 rats
42 creatures vanquished.

Notes
Turn   | Place    | Note
--------------------------------------------------------------
     0 | D:1      | Steelers13 the Merfolk Berserker began the quest for the Orb.
     0 | D:1      | Reached XP level 1. HP: 18/18 MP: 1/1
   128 | D:1      | Reached skill level 3 in Dodging
   138 | D:1      | Reached XP level 2. HP: 24/24 MP: 2/2
   731 | D:1      | Reached XP level 3. HP: 22/30 MP: 3/3
  1277 | D:1      | Reached ** piety under Trog
  1665 | D:2      | Found an opulent altar of Gozag.
  1799 | D:2      | Found a snail-covered altar of Cheibriados.
  2306 | D:2      | Reached XP level 4. HP: 36/37 MP: 4/4
  2372 | D:2      | Reached skill level 4 in Dodging
  2381 | D:2      | Gained mutation: You expend magic power (3 MP) to strengthen your wands. [potion of mutation]
  2381 | D:2      | Gained mutation: Your spells are a little easier to cast, but a little less powerful. [potion of mutation]
  2381 | D:2      | Gained mutation: You are clumsy. (Dex -2) [potion of mutation]
  2391 | D:2      | HP: 1/37 [poisoned by an adder]
  2397 | D:2      | Succumbed to an adder's poison

Skill      XL: |  1  2  3  4 |
---------------+-------------+-----
Dodging        | 3 4 |  4.0
Armour         | 2 |  2.1
Fighting       | |  3.8
Long Blades    | |  3.7
Stealth        | |  0.5

Action                   |  1- 3 |  4- 6 || total
-------------------------+-------+-------++-------
Melee: Falchion          |   122 |    23 ||   145
  Use: Scroll            |       |     7 ||     7
       Potion            |       |     1 ||     1
  Eat: Chunk             |     4 |       ||     4
       Beef jerky        |       |     1 ||     1
Armor: Ring mail         |   132 |     7 ||   139
Dodge: Dodged            |   195 |    16 ||   211
